 Dungeon Crawl Stone Soup version 0.20.0-15-g7f486f2 (webtiles) character file.

14810 IksarHS the Demolition Dwarf (level 11, -8/153 HPs)
             Began as a Deep Dwarf Fighter on June 22, 2017.
             Was an Elder of Makhleb.
             Mangled by a 12-headed hydra (9 damage)
             ... on level 2 of the Lair of Beasts.
             The game lasted 00:21:42 (7942 turns).

IksarHS the Demolition Dwarf (Deep Dwarf Fighter)   Turns: 7942, Time: 00:21:44

Health: -8/153     AC: 15    Str: 27    XL:     11   Next: 93%
Magic:  6/6        EV: 11    Int: 10    God:    Makhleb [****..]
Gold:   100        SH: 13    Dex: 16    Spells: 10/10 levels left

rFire    x . .     SeeInvis .   x - +8 demon blade "Bloodbane" {slice, *Rage +Rage Stlth-}
rCold    + + +     Gourm    .   c - +1 shield
rNeg     . . .     Faith    .   d - +0 ice dragon scales
rPois    .         Spirit   .   i - +1 hat
rElec    .         Reflect  .   (no cloak)
rCorr    .         Harm     .   D - +0 pair of gloves {archery}
MR       +....     Rnd*Rage +   (no boots)
Stlth    ..........             F - amulet of inaccuracy
Regen    0.0/turn               h - ring of protection from cold
MPRegen  0.1/turn               p - +4 ring of dexterity

@: berserking, non-regenerating, very quick
A: damage resistance, heal wounds, sense surroundings 2, no regeneration
a: Heal Wounds, Minor Destruction, Lesser Servant of Makhleb, Major Destruction,
Renounce Religion, Evoke Berserk Rage


You were on level 2 of the Lair of Beasts.
You worshipped Makhleb.
Makhleb was greatly pleased with you.
You were hungry.

You visited 3 branches of the dungeon, and saw 14 of its levels.
You also visited: Ossuary, Bailey and Ice Cave.

You collected 576 gold pieces.
You spent 476 gold pieces at shops.

Inventory:

Hand Weapons
 a - a +1 war axe
 x - the +8 demon blade "Bloodbane" (weapon) {slice, *Rage +Rage Stlth-}
   (You found it in an ice cave)

   It inflicts extra damage upon your enemies.
   It lets you go berserk.
   It may make you go berserk in combat.
   It makes you less stealthy.
 z - a +0 hand axe of flaming
Armour
 b - a +0 scale mail
 c - a +1 shield (worn)
 d - +0 ice dragon scales (worn)
 i - a +1 hat (worn)
 k - a +2 cloak
 D - a +0 pair of gloves of archery (worn)
Jewellery
 h - a ring of protection from cold (left hand)
 p - a +4 ring of dexterity (right hand)
 F - an amulet of inaccuracy (around neck)
Wands
 C - a wand of enslavement (14/24)
 M - a wand of lightning (5/15)
Scrolls
 g - 5 scrolls of remove curse
 j - 2 scrolls of teleportation
 m - 11 scrolls of identify
 o - 3 scrolls of fog
 q - a scroll of blinking {unknown}
 r - a scroll of recharging
 t - a scroll of enchant weapon
 y - a scroll of enchant armour
 G - a scroll of amnesia
 L - a scroll of noise {unknown}
 O - a scroll of silence {unknown}
Potions
 e - a potion of lignification {unknown}
 n - 2 potions of curing
 s - 2 potions of brilliance
 u - 2 potions of heal wounds
 v - a potion of flight
 B - a potion of agility {unknown}
 H - a potion of might
 J - a potion of mutation {unknown}
 K - a potion of degeneration {unknown}
Books
 E - a book of the Sky

   Spells                             Type                      Level
   a - Summon Lightning Spire         Summoning/Air                4
   b - Silence                        Hexes/Air                    5
   c - Deflect Missiles               Charms/Air                   6
   d - Conjure Ball Lightning         Conjuration/Air              6
   e - Tornado                        Air                          9
 I - a book of Conjurations

   Spells                             Type                      Level
   a - Magic Dart                     Conjuration                  1
   b - Searing Ray                    Conjuration                  2
   c - Dazzling Spray                 Conjuration/Hexes            3
   d - Fulminant Prism                Conjuration/Hexes            4
   e - Force Lance                    Conjuration/Translocation    4
   f - Iskenderun's Mystic Blast      Conjuration                  4
Comestibles
 f - 3 bread rations
 l - 4 meat rations
 w - 6 royal jellies
 A - 19 fruits


   Skills:
 + Level 7.7 Fighting
 + Level 1.7 Long Blades
 - Level 10.5 Axes
 + Level 10.0 Armour
 - Level 3.3 Dodging
 - Level 1.5 Stealth
 + Level 9.1 Shields
 * Level 11.6 Invocations


You had 10 spell levels left.
You didn't know any spells.

Dungeon Overview and Level Annotations

Branches:
Dungeon (11/15)            Temple (1/1) D:6            Lair (2/6) D:11
  Swamp: Lair:2-4    Shoals: Lair:2-4     Snake: Lair:2-4    Spider: Lair:2-4
    Orc: D:9-12

Altars:
Ashenzari
Dithmenos
Elyvilon
Fedhas
Gozag
Hepliaklqana
Makhleb
Nemelex Xobeh
Okawaru
Ru
Sif Muna
Trog
Uskayaw
Vehumet
Xom
Yredelemnul
Zin
The Shining One

Shops:
D:5 *   D:8 :[[!}   D:10 }   D:11 }


Innate Abilities, Weirdness & Mutations

You are resistant to damage.
You can heal yourself by infusing magical energy.
You passively map the area around you.
You do not regenerate.


Message History

The 11-headed hydra bites you. You block the 11-headed hydra's attack.
The 11-headed hydra bites you but does no damage. x2
The 11-headed hydra bites you!
* * * LOW HITPOINT WARNING * * *
You barely miss the 11-headed hydra.
The 11-headed hydra is severely wounded.
You are too berserk!
You hack one of the 11-headed hydra's heads off!
The ten-headed hydra grows two more!
You slash the 12-headed hydra!
The 12-headed hydra is severely wounded.
You block the 12-headed hydra's attack. The 12-headed hydra bites you.
* * * LOW HITPOINT WARNING * * *
The 12-headed hydra barely misses you. You block the 12-headed hydra's attack.
The 12-headed hydra closely misses you. The 12-headed hydra bites you!
* * * LOW HITPOINT WARNING * * *
The 12-headed hydra bites you but does no damage. x2
The 12-headed hydra bites you. The 12-headed hydra barely misses you.
The 12-headed hydra bites you but does no damage.
The 12-headed hydra bites you!
You die...

# , ##.* , #P.
### , #..P
#.####* . , ,
##..P##..#.##..*
, *
#..............
, ,
#.....<.......P
* **
*#...........#.
* , **
#.......@##.##
...#..#.#D.##, *
,* *
..#.#####.#...,,
, *.... .. ....
* ..# * * ,...
... , *.#, *
,.... .. , , ,*
, *, ..... #
,......* * ,,
,,, , ,* *


You could see a 12-headed hydra.

Vanquished Creatures
  2 two-headed ogres
  The ghost of Realz the Cleaver, a novice GrBe of Trog (D:9)
  An orc knight (Bailey)
  An ugly thing (D:9)
  Joseph (D:8)
  Maurice (D:10)
  A gargoyle (D:11)
  An ice statue (IceCv)
  4 ice devils (IceCv)
  3 trolls
  A hippogriff (Lair:1)
  2 dream sheep (D:8)
  2 yaks (D:8)
  A hungry ghost (D:9)
  3 wargs (D:11)
  4 ice beasts
  A phantom (D:4)
  7 sky beasts
  A necrophage (D:6)
  2 orc warriors (Bailey)
  A black bear (D:9)
  2 ogres
  4 centaurs
  4 big kobolds
  An elf zombie (Ossuary)
  5 bullfrogs
  A gnoll sergeant (D:9)
  4 scorpions
  2 wights (D:10)
  20 killer bees
  4 crimson imps
  A centaur zombie (Ossuary)
  2 bullfrog zombies
  4 hounds
  11 orc wizards
  3 orc priests
  3 jellies
  2 bullfrog skeletons (D:11)
  An iguana (D:6)
  5 worker ants
  2 hound zombies
  2 mummies (Ossuary)
  A worker ant zombie (D:11)
  2 howler monkey skeletons
  8 gnolls
  19 adders
  3 shadow imps
  5 white imps (IceCv)
  8 ufetubi (IceCv)
  7 adder zombies (Ossuary)
  3 adder skeletons
  A worm (D:2)
  5 leopard geckos
  30 orcs
  A giant cockroach (D:6)
  2 goblins (D:2)
  A hobgoblin (Bailey)
  11 jackals
  5 quokkas
  2 ball pythons (D:5)
  4 bats
  6 frilled lizards
  2 goblin zombies (D:7)
  10 hobgoblin zombies (Ossuary)
  A jackal zombie (Ossuary)
  6 kobolds
  10 kobold zombies (Ossuary)
  A leopard gecko skeleton (D:5)
  7 orc zombies (Ossuary)
  2 quokka skeletons
  A quokka zombie (D:6)
  2 rats (D:3)
290 creatures vanquished.

Vanquished Creatures (collateral kills)
  A reaper (IceCv)
  A cyclops (D:11)
  A centaur zombie (D:11)
  An ice statue (IceCv)
  2 rime drakes (D:11)
  7 ice devils (IceCv)
  A troll (D:11)
  A vampire (D:11)
  6 killer bees
  2 wights (D:10)
  A jelly (D:11)
  An orc wizard (D:11)
  A worker ant (D:11)
  An ufetubus (IceCv)
  4 orcs (D:11)
31 creatures vanquished.

Vanquished Creatures (others)
  2 white imps (IceCv)
  3 ufetubi (IceCv)
5 creatures vanquished.

Grand Total: 326 creatures vanquished

Notes
Turn   | Place    | Note
-------+----------+-------------------------------------------
     0 | D:1      | IksarHS the Deep Dwarf Fighter began the quest for the Orb.
     0 | D:1      | Reached XP level 1. HP: 20/20 MP: 1/1
    81 | D:2      | Reached XP level 2. HP: 22/27 MP: 2/2
   530 | D:2      | Reached XP level 3. HP: 21/33 MP: 3/3
   643 | D:4      | Reached XP level 4. HP: 37/42 MP: 4/4
   729 | D:4      | Noticed a phantom
   794 | D:4      | Killed a phantom
   794 | D:4      | Reached XP level 5. HP: 29/49 MP: 5/5
   856 | D:4      | Reached skill level 1 in Dodging
   863 | D:4      | Noticed a phantom
   928 | D:5      | Entered Level 5 of the Dungeon
   928 | D:5      | Found Coxkolah's Assorted Antiques.
  1182 | D:5      | Noticed a sky beast
  1208 | D:5      | Killed a sky beast
  1208 | D:5      | Reached XP level 6. HP: 23/56 MP: 5/5
  1213 | D:5      | Gained mutation: Your muscles are strong. (Str +2) [mutagenic meat]
  1419 | D:5      | Found a glowing golden altar of the Shining One.
  1440 | D:5      | Reached skill level 5 in Armour
  1589 | D:5      | Reached skill level 5 in Axes
  1594 | D:5      | Reached XP level 7. HP: 62/62 MP: 5/5
  1622 | D:5      | Reached skill level 5 in Shields
  1719 | D:5      | Noticed a troll
  1730 | D:5      | Killed a troll
  1730 | D:5      | Reached XP level 8. HP: 44/72 MP: 6/6
  2026 | D:6      | Reached skill level 1 in Stealth
  2074 | D:6      | Lost mutation: Your muscles are strong. (Str +2) [mutagenic meat]
  2120 | D:6      | Found a staircase to the Ecumenical Temple.
  2130 | Temple   | Entered the Ecumenical Temple
  2183 | Temple   | Became a worshipper of Makhleb the Destroyer
  2239 | D:6      | Found an iron altar of Okawaru.
  2241 | D:6      | Found a hazy altar of Hepliaklqana.
  2254 | D:6      | Found a bloodstained altar of Trog.
  2363 | D:6      | Reached skill level 1 in Invocations
  2496 | D:6      | Reached skill level 2 in Invocations
  2671 | D:6      | Gained mutation: You passively map the area around you. [Deep Dwarf growth]
  2671 | D:6      | Reached XP level 9. HP: 68/79 MP: 7/7
  2681 | D:7      | Found a flagged portal.
  2703 | Bailey   | Entered a bailey
  2733 | Bailey   | Reached skill level 3 in Invocations
  2733 | Bailey   | Reached * piety under Makhleb
  2741 | Bailey   | Noticed an orc knight
  2762 | Bailey   | Killed an orc knight
  2762 | Bailey   | Reached skill level 5 in Fighting
  2762 | Bailey   | Reached skill level 4 in Invocations
  2780 | Bailey   | Found an iron altar of Okawaru.
  2961 | D:7      | Found a sand-covered staircase.
  2968 | Ossuary  | Entered an ossuary
  3043 | Ossuary  | Reached ** piety under Makhleb
  3226 | D:7      | Reached skill level 5 in Invocations
  3259 | D:7      | Found an opulent altar of Gozag.
  3373 | D:7      | Found a white marble altar of Elyvilon.
  3620 | D:8      | Found Geskun's Book Emporium.
  3655 | D:8      | Noticed Joseph
  3676 | D:8      | Killed Joseph
  3676 | D:8      | Reached skill level 6 in Invocations
  3711 | D:8      | Reached XP level 10. HP: 52/91 MP: 10/10
  3740 | D:8      | Noticed a three-headed hydra
  3913 | D:8      | Reached skill level 7 in Invocations
  3922 | D:8      | Reached *** piety under Makhleb
  4094 | D:8      | Found Osuthecubb's Antique Armour Shop.
  4104 | D:8      | Bought a twisted buckler for 266 gold pieces
  4104 | D:8      | Bought a pair of runed gloves for 210 gold pieces
  4115 | D:8      | Identified the cursed -4 buckler "Xawaju Bimai" {rPois} (You bought it in a shop on level 8 of the Dungeon)
  4184 | D:8      | Found Ticlor's Distillery.
  4286 | D:8      | Found a bloodstained altar of Trog.
  4312 | D:8      | Found Jutixaup's Gadget Shoppe.
  4353 | D:8      | Found Timus's Antique Armour Shoppe.
  4671 | D:9      | Noticed Realz's ghost (novice GrBe)
  4755 | D:9      | Killed Realz's ghost
  4755 | D:9      | Reached skill level 8 in Invocations
  4792 | D:9      | Noticed a purple ugly thing
  4825 | D:9      | Killed a purple ugly thing
  5240 | D:9      | Reached **** piety under Makhleb
  5246 | D:9      | Noticed a two-headed ogre
  5272 | D:9      | Killed a two-headed ogre
  5272 | D:9      | Reached skill level 9 in Invocations
  5360 | D:9      | Found a basalt altar of Yredelemnul.
  5708 | D:10     | Entered Level 10 of the Dungeon
  5791 | D:10     | Found Woetsisch's Gadget Shoppe.
  5996 | D:10     | Reached XP level 11. HP: 95/99 MP: 14/14
  6003 | D:10     | Noticed a two-headed ogre
  6036 | D:10     | Killed a two-headed ogre
  6217 | D:10     | Noticed Maurice
  6284 | D:10     | Reached skill level 10 in Invocations
  6348 | D:10     | Killed Maurice
  6348 | D:10     | Reached skill level 10 in Axes
  6660 | D:11     | Found a labyrinth entrance.
  6679 | D:11     | Found Renedut's Gadget Boutique.
  6804 | D:11     | Found a frozen archway.
  6821 | IceCv    | Entered an ice cave
  7097 | IceCv    | Noticed a reaper
  7116 | IceCv    | Killed a reaper
  7116 | IceCv    | Reached skill level 11 in Invocations
  7518 | D:11     | Reached skill level 1 in Long Blades
  7526 | D:11     | Found a staircase to the Lair.
  7866 | Lair:1   | Entered Level 1 of the Lair of Beasts
  7916 | Lair:1   | Reached skill level 10 in Armour
  7928 | Lair:2   | Noticed a six-headed hydra
  7940 | Lair:2   | HP: 7/153 [11-headed hydra (8)]
  7942 | Lair:2   | HP: 1/153 [12-headed hydra (4)]
  7942 | Lair:2   | Mangled by a 12-headed hydra

Skill      XL: |  1  2  3  4  5  6  7  8  9 10 11 |
---------------+----------------------------------+-----
Fighting       | 3 4 5 6 7 |  7.7
Axes           | 3 4 5 7 8 9 10 | 10.5
Armour         | 4 5 6 8 9 10 | 10.0
Shields        | 4 5 6 7 8 9 |  9.1
Dodging        | 1 2 3 |  3.3
Stealth        | 1 |  1.5
Invocations    | 2 6 9 11 | 11.6
Long Blades    | 1 |  1.7

Action                   |  1- 3 |  4- 6 |  7- 9 | 10-12 || total
-------------------------+-------+-------+-------+-------++-------
Melee: War axe           |    72 |   167 |   389 |    38 ||   666
       Hand axe          |       |       |       |   956 ||   956
       Demon blade       |       |       |       |   109 ||   109
Invok: Lesser Servant of |       |       |       |    17 ||    17
       Minor Destruction |       |       |       |     2 ||     2
 Abil: Heal Wounds       |     1 |     7 |    14 |    37 ||    59
Evoke: Wand              |       |       |       |     7 ||     7
  Use: Scroll            |       |       |    11 |     3 ||    14
       Potion            |       |       |    10 |       ||    10
 Stab: Distracted        |       |       |       |    10 ||    10
  Eat: Chunk             |       |     3 |     3 |     8 ||    14
       Meat ration       |       |       |     1 |       ||     1
       Bread ration      |       |       |       |     3 ||     3
Armor: Scale mail        |    71 |    79 |    71 |       ||   221
       Ice dragon scales |       |       |    65 |   589 ||   654
Dodge: Dodged            |    38 |    50 |   154 |   475 ||   717
Block: Shield            |    52 |    70 |   293 |   806 ||  1221
       Rpst.: Demon blade |       |       |       |    22 ||    22
